Map: Oxide LE

Players

Serral

  • Race: Zerg Zerg
  • Spawn Location: 7:00

Solar - Winner!

  • Race: Zerg Zerg
  • League: Master
  • Spawn Location: 1:00

VOD

Have the link to the VOD?

Description

Time

  • Played on: Jan. 15, 2021, 9:57 a.m.
  • Length: 13:41
Show
View Real Time Build Order
Export as new Build Order

Serral Zerg 

Build Orders: Hatch First 

Get SALT Encoding   

  12  0:00  Drone  
  13  0:11  Overlord  
  13  0:16  Drone  
  14  0:30  Drone x2  
  16  0:47  Hatchery  
  15  0:50  Drone  
  15  0:54  Drone  
  17  0:57  Drone  
  18  1:08  Extractor  
  17  1:13  Spawning Pool  
  17  1:15  Drone  
  17  1:18  Drone  
  18  1:27  Drone  
  19  1:42  Drone  
  20  1:48  Drone  
  21  1:59  Queen x2  
  21  2:00  Zergling x2  
  21  2:01  Overlord  
  26  2:08  Metabolic Boost  
  26  2:10  Zergling x4  
  28  2:20  Drone  
  28  2:21  Drone  
  30  2:32  Zergling x2  
  30  2:35  Hatchery  
  30  2:38  Drone  
  30  2:43  Drone  
  32  2:47  Baneling Nest  
  31  2:53  Drone  
  31  2:57  Overlord  
  32  3:01  Drone  
  32  3:04  Drone x2  
  34  3:07  Drone  
  35  3:16  Zergling x2, Drone  
  35  3:17  Drone x3  
  40  3:21  Overlord  
  40  3:25  Zergling x2  
  41  3:30  Baneling  
  41  3:31  Queen  
  43  3:35  Baneling  
  43  3:42  Zergling x8  
  43  3:45  Zergling x2  
  43  3:46  Zergling x4  
  48  3:50  Drone  
  48  3:53  Baneling  
  48  4:01  Evolution Chamber  
  47  4:05  Hatchery  
  47  4:07  Lair  
  46  4:19  Zergling x2  
  46  4:20  Zergling x10  
  46  4:21  Overlord  
  52  4:29  Zerg Melee Weapons Level 1  
  52  4:30  Extractor  
  52  4:31  Zergling x2  
  51  4:40  Baneling  
  51  4:41  Zergling x12  
  57  4:50  Zergling x4, Overlord  
  59  5:08  Zergling x10  
  64  5:15  Zergling x6  
  67  5:21  Zergling x2  
  67  5:22  Zergling x8  
  69  5:35  Zergling x8  
  69  5:41  Zergling x4  
  63  5:45  Extractor, Spire  
  56  5:59  Zergling x20  
  65  6:06  Drone x2  
  65  6:07  Drone  
  65  6:10  Baneling  
  67  6:14  Drone x2  
  69  6:20  Zergling x4  
  69  6:21  Zergling x2  
  72  6:27  Overlord  
  72  6:40  Drone x2  
  72  6:45  Extractor  
  73  6:52  Drone  
  73  6:53  Drone x3  
  77  6:59  Mutalisk x2  
  77  7:01  Overlord  
  81  7:02  Overlord  
  81  7:19  Mutalisk  
  81  7:20  Mutalisk x3  
  89  7:23  Mutalisk x2  
  92  7:33  Mutalisk  
  87  7:42  Mutalisk  
  79  7:47  Evolution Chamber  
  77  7:53  Mutalisk  
  77  8:01  Evolution Chamber  
  77  8:02  Mutalisk  
  75  8:10  Mutalisk  
  76  8:15  Zergling x18  
  64  8:32  Zergling x2  
  47  8:51  Drone  
  47  8:55  Drone  
  49  8:57  Drone  
  49  9:01  Drone  
  50  9:07  Baneling  
  50  9:16  Mutalisk  
  52  9:25  Mutalisk  
  54  9:36  Drone x4  
  58  9:45  Mutalisk  
  60  9:54  Mutalisk  
  62  10:01  Evolution Chamber  
  61  10:11  Drone x5  
  67  10:16  Mutalisk  
  69  10:23  Zerg Flyer Weapons Level 1  
  69  10:32  Drone  
  69  10:33  Drone x2  
  72  10:43  Mutalisk  
  72  10:44  Evolution Chamber  
  74  10:53  Drone x6  
  80  10:57  Mutalisk  
  80  11:03  Mutalisk  
  84  11:12  Mutalisk x2  
  84  11:13  Mutalisk  
  90  11:22  Drone x2  
  92  11:27  Mutalisk x2  
  92  11:29  Drone x2  
  98  11:37  Overlord  
  98  11:38  Overlord  
  98  11:41  Overlord  
  98  11:48  Extractor x2, Queen  
  98  11:55  Queen  
  98  11:56  Mutalisk x2  
  104  12:08  Mutalisk x3  
  104  12:15  Overlord, Drone x3  
  113  12:17  Overseer  
  113  12:31  Mutalisk  
  115  12:40  Mutalisk x2  
  115  12:43  Overseer  
  119  12:47  Overlord  
  119  12:48  Drone x2  
  119  12:49  Mutalisk  
  123  12:58  Overlord  
  123  13:00  Mutalisk  
  123  13:01  Mutalisk  
  123  13:05  Overlord  
  127  13:09  Mutalisk  
  129  13:24  Hatchery  
Show
View Real Time Build Order
Export as new Build Order

Solar Zerg - Winner!

Build Orders: Hatch First 

Get SALT Encoding   

  12  0:00  Drone  
  13  0:12  Overlord  
  13  0:17  Drone  
  14  0:31  Drone x2  
  16  0:48  Hatchery  
  15  0:51  Drone  
  15  0:54  Drone  
  17  0:58  Drone  
  17  1:04  Extractor  
  17  1:13  Spawning Pool  
  17  1:15  Drone  
  17  1:19  Drone  
  18  1:28  Drone  
  19  1:40  Drone  
  20  1:54  Drone  
  21  2:00  Queen x2  
  21  2:01  Zergling x2, Overlord  
  26  2:05  Metabolic Boost  
  26  2:11  Drone  
  26  2:12  Drone  
  29  2:22  Zergling x2  
  29  2:23  Drone  
  30  2:34  Hatchery  
  30  2:35  Zergling x2  
  30  2:37  Zergling x2  
  31  2:44  Drone  
  31  2:45  Overlord  
  32  2:56  Drone  
  32  2:57  Drone  
  34  3:09  Zergling x8  
  34  3:10  Zergling x8  
  42  3:17  Roach Warren  
  41  3:21  Drone x2  
  43  3:28  Overlord  
  43  3:29  Overlord  
  43  3:39  Drone  
  44  3:42  Overlord  
  41  3:55  Drone  
  41  3:57  Roach x3  
  41  3:59  Roach x2  
  41  4:02  Queen  
  53  4:03  Roach  
  53  4:06  Roach  
  57  4:14  Roach  
  60  4:17  Drone  
  60  4:23  Drone x6  
  66  4:29  Evolution Chamber  
  66  4:30  Overlord  
  66  4:31  Extractor  
  64  4:34  Drone  
  64  4:35  Drone  
  64  4:38  Drone  
  66  4:41  Drone x2  
  66  4:44  Overlord  
  68  4:51  Drone  
  69  4:54  Zergling x4  
  69  4:58  Drone  
  72  5:01  Overlord, Extractor  
  72  5:02  Drone  
  72  5:04  Roach  
  73  5:08  Roach  
  75  5:16  Drone  
  75  5:17  Drone  
  75  5:18  Roach x3  
  83  5:22  Overlord  
  83  5:25  Roach  
  83  5:27  Roach  
  87  5:30  Spine Crawler  
  87  5:31  Roach x2  
  87  5:33  Roach  
  89  5:36  Roach  
  89  5:37  Zergling x2  
  89  5:38  Ravager  
  89  5:40  Roach  
  86  5:43  Roach  
  86  5:46  Roach  
  83  5:50  Roach x2  
  87  5:58  Zergling x6  
  87  6:03  Zerg Missile Weapons Level 1  
  90  6:05  Drone x2  
  92  6:13  Overlord, Queen  
  94  6:21  Roach x3  
  94  6:25  Roach x2  
  104  6:28  Overlord  
  104  6:35  Roach x3  
  113  6:40  Roach x2  
  112  6:47  Overlord  
  112  6:49  Roach x3  
  112  6:53  Overlord  
  118  6:57  Roach x2  
  118  7:00  Overlord  
  122  7:04  Overlord  
  122  7:08  Roach x3  
  127  7:18  Zergling x14  
  133  7:23  Roach x2  
  133  7:25  Roach  
  133  7:28  Zergling x4  
  141  7:32  Zergling x4  
  143  7:39  Ravager  
  143  7:40  Zergling x6  
  139  7:45  Zergling x2  
  139  7:49  Zergling x12  
  143  7:54  Queen x2  
  143  7:56  Zergling x2  
  143  7:58  Zergling x2  
  143  8:01  Zergling x2  
  143  8:03  Zergling x2  
  140  8:06  Drone x3  
  140  8:09  Drone  
  137  8:13  Drone  
  137  8:14  Drone x2  
  137  8:17  Drone x2  
  137  8:18  Drone x2  
  140  8:21  Drone  
  140  8:24  Queen  
  124  8:28  Zerg Ground Armor Level 1  
  124  8:33  Drone  
  110  8:34  Spore Crawler  
  110  8:37  Queen  
  110  8:41  Queen  
  96  8:46  Zergling x8  
  88  8:48  Spore Crawler  
  88  8:50  Spore Crawler  
  88  8:54  Spore Crawler  
  88  8:55  Spore Crawler  
  80  8:57  Spore Crawler  
  80  8:58  Zergling x2  
  72  9:05  Queen  
  74  9:11  Roach x3, Drone  
  79  9:17  Lair  
  79  9:19  Spore Crawler, Queen  
  80  9:26  Spore Crawler x2  
  80  9:28  Zergling x2  
  80  9:29  Zergling x6  
  80  9:31  Zergling x2  
  82  9:32  Zergling x2  
  82  9:36  Extractor, Drone  
  82  9:37  Drone  
  82  9:38  Drone  
  84  9:39  Drone  
  84  9:40  Extractor  
  84  9:41  Drone  
  84  9:42  Drone  
  84  9:44  Extractor  
  84  9:45  Drone  
  84  9:46  Drone  
  84  9:51  Drone  
  84  9:52  Drone  
  88  9:54  Overlord  
  88  9:55  Drone  
  88  9:59  Drone x3  
  92  10:02  Drone  
  92  10:06  Overlord  
  91  10:09  Drone  
  91  10:16  Infestation Pit  
  91  10:17  Hydralisk Den  
  91  10:20  Roach x3, Glial Reconstitution  
  95  10:25  Zerg Missile Weapons Level 2  
  95  10:29  Overlord  
  95  10:39  Overlord  
  95  10:42  Roach x4  
  102  10:49  Grooved Spines  
  102  10:54  Pathogen Glands  
  102  10:56  Overlord  
  101  11:02  Drone x2  
  101  11:03  Drone  
  101  11:17  Infestor x8  
  117  11:21  Overlord, Extractor  
  117  11:22  Overlord  
  117  11:23  Overlord  
  117  11:25  Overlord  
  114  11:29  Hydralisk x2  
  114  11:33  Hydralisk  
  114  11:34  Hydralisk  
  114  11:36  Overlord  
  114  11:37  Zergling x2  
  115  11:41  Hydralisk x2  
  115  11:46  Drone x2  
  120  11:53  Roach x3  
  126  11:59  Overlord, Hydralisk  
  126  12:00  Muscular Augments  
  128  12:02  Hydralisk x2  
  128  12:05  Hydralisk  
  134  12:09  Hydralisk  
  134  12:13  Hydralisk x2  
  139  12:16  Hydralisk  
  139  12:19  Hydralisk  
  143  12:23  Hydralisk  
  143  12:27  Hydralisk  
  143  12:28  Hydralisk  
  149  12:35  Roach  
  149  12:36  Roach x2  
  154  12:40  Hydralisk x2  
  154  12:43  Spore Crawler  
  153  12:45  Extractor  
  153  12:47  Hydralisk x2  
  156  12:51  Hydralisk  
  156  12:53  Hydralisk  
  156  12:56  Roach  
  162  12:59  Roach  
  162  13:03  Overseer  
  162  13:04  Roach  
  162  13:05  Roach  
  168  13:08  Hydralisk x2  
  168  13:12  Spore Crawler  
  171  13:14  Spore Crawler  
Tags
 
Add a new tag
Caveats
  • Supply blocks, unpowered buildings, or Contaminate may cause inaccurate times.
  • Supply counts are checked every 10 seconds.